 Dungeon Crawl Stone Soup version 0.19-a0-905-ge5e6a15 (webtiles) character file.

134 FrancescoMac the Slasher (level 4, -2/40 HPs)
             Began as a Minotaur Gladiator on July 5, 2016.
             Slain by an orc
             ... wielding a +0 flail
              (6 damage)
             ... on level 3 of the Dungeon.
             The game lasted 00:03:55 (1577 turns).

FrancescoMac the Slasher (Minotaur Gladiator)       Turns: 1577, Time: 00:03:57

Health: -2/40      AC:  4    Str: 19    XL:     4   Next: 95%
Magic:  3/3        EV: 14    Int:  5    God:
Gold:   114        SH:  0    Dex: 15    Spells: 0 memorised, 3 levels left

rFire  . . .     SeeInvis .     a - +1 long sword
rCold  . . .     Gourm    .     b - +0 leather armour
rNeg   . . .     Faith    .     (no shield)
rPois  .         Spirit   .     c - +0 hat
rElec  .         Dismiss  .     e - +0 cloak
rCorr  .         Reflect  .     (no gloves)
SustAt .         Harm     .     (no boots)
MR     .....                    (no amulet)
Stlth  +.........               (no ring)
                                j - +3 ring of dexterity

@: not resistant to hostile enchantments, very unstealthy
A: retaliatory headbutt, horns 2
a: no special abilities


You were on level 3 of the Dungeon.
You were not hungry.

You visited 1 branch of the dungeon, and saw 3 of its levels.

You collected 114 gold pieces.

Inventory:

Hand Weapons
 a - a +1 long sword (weapon)
Missiles
 d - 4 throwing nets (quivered)
Armour
 b - a +0 leather armour (worn)
 c - a +0 hat (worn)
 e - a +0 cloak (worn)
Jewellery
 j - a +3 ring of dexterity (left hand)
Scrolls
 i - a scroll of immolation
 l - a scroll of enchant armour {unknown}
 m - a scroll of recharging {unknown}
Comestibles
 f - 3 bread rations
 h - 9 chunks of flesh
 n - a royal jelly
 o - a meat ration


   Skills:
 + Level 4.2 Fighting
 + Level 5.0 Long Blades
 - Level 2.0 Throwing
 + Level 4.3 Dodging


You had 3 spell levels left.
You didn't know any spells.

Dungeon Overview and Level Annotations

Branches:
Dungeon (3/15)

Altars:

Annotations:
D:3 grom234's ghost, amateur DrWz


Innate Abilities, Weirdness & Mutations

You reflexively headbutt those who attack you in melee.
You have a pair of horns on your head.


Message History

Grom234's ghost points at you and mumbles some strange words.
The magic dart hits you!
* * * LOW HITPOINT WARNING * * *
The orc barely misses you. You furiously retaliate!
You headbutt the orc.
You are too injured to fight recklessly!
You are too injured to fight recklessly!
You are too injured to fight recklessly!
It was a potion of magic.
Magic courses through your body. Grom234's ghost barely misses you.
You riposte.
You hit grom234's ghost.
Grom234's ghost is moderately damaged.
The orc wizard hits you but does no damage.
The orc hits you with a flail.
* * * LOW HITPOINT WARNING * * *
As you read the scroll of fog, it crumbles to dust.
The scroll dissolves into smoke.
Grom234's ghost misses you.
The orc wizard gestures at you while chanting.
The magic dart hits you!
* * * LOW HITPOINT WARNING * * *
The orc hits you with a flail.
You die...

### #.. #.# #.# ##
#############.##
.###.##........§§§#
.##...#.########§§#
........# #@o#
......>.# #Woo...#
..##.#### ##§#####
####.# .# #.# .#
#'# .. ... .. ...
..#


You could see an orc wizard, grom234's ghost and 2 orcs.

Vanquished Creatures
  Jessica (D:2)
  3 adders (D:2)
  3 gnolls (D:3)
  2 dart slugs (D:2)
  A giant gecko (D:1)
  2 orcs (D:3)
  A giant cockroach (D:1)
  6 goblins
  6 hobgoblins (D:1)
  7 kobolds
  7 bats
  2 giant newts
  7 rats
48 creatures vanquished.

Notes
Turn   | Place    | Note
-------+----------+-------------------------------------------
     0 | D:1      | FrancescoMac the Minotaur Gladiator began the quest for the Orb.
     0 | D:1      | Reached XP level 1. HP: 18/18 MP: 0/0
    93 | D:1      | Reached XP level 2. HP: 20/25 MP: 1/1
   142 | D:1      | Reached skill level 4 in Long Blades
   519 | D:1      | Reached XP level 3. HP: 31/31 MP: 2/2
   927 | D:2      | Reached XP level 4. HP: 35/40 MP: 3/3
   974 | D:2      | Noticed Jessica
   977 | D:2      | Killed Jessica
  1519 | D:3      | Reached skill level 5 in Long Blades
  1568 | D:3      | Noticed grom234's ghost (amateur DrWz)
  1577 | D:3      | Slain by an orc

Vault maps used:
D:1:      ncdulo_wetmaze, minmay_misc_feat_encased
D:2:      uniq_jessica

Skill      XL: |  1  2  3  4 |
---------------+-------------+-----
Long Blades    | 4 5 |  5.0
Fighting       | 3 4 |  4.2
Dodging        | 4 |  4.3
Throwing       | |  2.0

Action                   |  1- 3 |  4- 6 || total
-------------------------+-------+-------++-------
Melee: Long sword        |    83 |    34 ||   117
       Headbutt          |     8 |     5 ||    13
  Use: Scroll            |     2 |     5 ||     7
       Potion            |       |     1 ||     1
 Stab: Sleeping          |       |     1 ||     1
  Eat: Chunk             |       |     2 ||     2
Armor: Leather armour    |    20 |     3 ||    23
Dodge: Dodged            |    49 |    19 ||    68
